 Dungeon Crawl Stone Soup version 0.20.1-1-g8b1a95d (webtiles) character file.

16947 manon the Basher (level 12, -4/75 HPs)
             Began as a Gargoyle Fighter on Sept 10, 2017.
             Was a High Priest of Okawaru.
             Slain by a komodo dragon (13 damage)
             ... on level 3 of the Lair of Beasts.
             The game lasted 01:09:23 (10119 turns).

manon the Basher (Gargoyle Fighter)                Turns: 10119, Time: 01:09:23

Health: -4/75      AC: 26    Str: 23    XL:     12   Next: 42%
Magic:  17/17      EV:  5    Int: 11    God:    Okawaru [*****.]
Gold:   563        SH: 11    Dex:  9    Spells: 9/11 levels left

rFire    . . .     SeeInvis .   b - +0 morningstar
rCold    . . .     Gourm    .   c - +0 shield
rNeg     + . .     Faith    .   W - +0 plate armour {MR+}
rPois    ∞         Spirit   .   B - +0 helmet
rElec    +         Reflect  .   E - scarf {cloud immunity}
rCorr    +         Harm     .   X - +0 pair of gloves (curse)
MR       ++...                  J - +1 pair of boots
Stlth    ..........             (no amulet)
Regen    0.3/turn               V - ring of protection from magic
MPRegen  0.2/turn               s - ring of resist corrosion

@: very slightly contaminated, invisible
A: negative energy resistance 1, electricity resistance, unbreathing,
petrification resistance, rot immunity, AC +8
a: Heroism, Finesse, Renounce Religion


You were on level 3 of the Lair of Beasts.
You worshipped Okawaru.
Okawaru was extremely pleased with you.
You were not hungry.

You visited 3 branches of the dungeon, and saw 14 of its levels.
You also visited: Sewer.

You collected 563 gold pieces.

Inventory:

Hand Weapons
 a - the +6 whip of the Wasteland {antimagic, rPois Dex+3}
   (You found it on level 4 of the Dungeon)

   It reduces the magical energy of the wielder, and disrupts the spells and
   magical abilities of those hit.
   Natural abilities and divine invocations are not affected.
   It affects your dexterity (+3).
   It protects you from poison.
 b - a +0 morningstar (weapon)
 y - a +1 great mace of distortion
 R - a +0 arbalest
Missiles
 d - 56 bolts
 Y - 2 throwing nets (quivered)
Armour
 c - a +0 shield (worn)
 B - a +0 helmet (worn)
 E - a scarf of cloud immunity (worn)
 J - a +1 pair of boots (worn)
 W - a +0 plate armour of magic resistance (worn)
 X - a cursed +0 pair of gloves (worn)
Jewellery
 o - an uncursed ring of wizardry
 s - a ring of resist corrosion (right hand)
 w - an uncursed ring of positive energy
 S - an uncursed ring of flight
 V - a ring of protection from magic (left hand)
Wands
 K - a wand of digging (1/24)
Scrolls
 e - 3 scrolls of identify
 g - 4 scrolls of amnesia
 n - 5 scrolls of remove curse
 q - 2 scrolls of enchant weapon
 r - a scroll of fog {unknown}
 t - 7 scrolls of teleportation
 u - 3 scrolls of magic mapping
 C - a scroll of immolation {unknown}
 H - 5 scrolls of enchant armour
 L - a scroll of noise {unknown}
 N - a scroll of random uselessness {unknown}
 O - a scroll of brand weapon {unknown}
 P - a scroll of silence {unknown}
 Q - a scroll of fear {unknown}
 T - a scroll of vulnerability {unknown}
 Z - 2 scrolls of holy word {unknown}
Potions
 i - a potion of magic {unknown}
 j - a potion of cancellation {unknown}
 k - a potion of mutation {unknown}
 l - 2 potions of haste {unknown}
 m - a potion of resistance {unknown}
 x - 3 potions of heal wounds {unknown}
 z - a potion of berserk rage {unknown}
 A - a potion of agility {unknown}
 D - a potion of lignification {unknown}
 I - a potion of degeneration {unknown}
 M - a potion of flight {unknown}
 U - a potion of might
Comestibles
 f - 7 bread rations
 h - 13 fruits
 p - 2 meat rations
 G - 5 royal jellies


   Skills:
 - Level 8.9 Fighting
 - Level 14.4 Maces & Flails
 - Level 6.6 Armour
 + Level 8.8 Shields
 - Level 7.0 Invocations


You had 9 spell levels left.
You knew the following spells:

 Your Spells              Type           Power        Failure   Level  Hunger
a - Blink                 Tloc           N/A          100%        2    ###....


Dungeon Overview and Level Annotations

Branches:
Dungeon (10/15)            Temple (1/1) D:7            Lair (3/6) D:10
  Snake (0/4) Lair:2          Orc (0/2) D:10
  Swamp: Lair:2-4    Shoals: Lair:2-4

Altars:
Ashenzari
Dithmenos
Elyvilon
Fedhas
Gozag
Hepliaklqana
Kikubaaqudgha
Makhleb
Nemelex Xobeh
Okawaru
Qazlal
Ru
Sif Muna
Trog
Uskayaw
Vehumet
Xom
Yredelemnul
Zin

Shops:
D:10 (

Annotations:
D:3 Purgy
D:6 Targos's ghost, novice HuAs
D:8 Maurice
D:10 Harold; Urug; jmlagarto's ghost, journeyman MfCK
Lair:3 exclusion: 4 oklob plants


Innate Abilities, Weirdness & Mutations

You are resistant to torment.
Your stone body is resilient. (AC +8)
You are immune to poison.
You resist negative energy. (rN+)
You are resistant to electric shocks. (rElec)
You can survive without breathing.
You are immune to petrification.
You are immune to rotting.


Message History

The crocodile bites you but does no damage.
You barely miss the komodo dragon.
The komodo dragon is almost dead.
The komodo dragon bites you!! The crocodile bites you.
* * * LOW HITPOINT WARNING * * *
You barely miss the komodo dragon.
The komodo dragon is almost dead.
You block the komodo dragon's attack. You block the crocodile's attack.
Your plate armour prevents you from hitting the komodo dragon.
The komodo dragon is almost dead.
The komodo dragon bites you!
* * * LOW HITPOINT WARNING * * *
The crocodile bites you!
* * * LOW HITPOINT WARNING * * *
You fade into invisibility!
You block the komodo dragon's attack.
The crocodile bites you but does no damage.
You are very lightly contaminated with residual magic.
The komodo dragon bites you!
You die...

#....... .......... ... .#......
................ ... .#..)#
..............P## #... ..# ......
#......##......###.... ..##
....##.#....#........##.P...
#.>###..##.###....##.._.....<....
#......P.........##..............
#...P............##..............
................@lt......#####...
.........................# ...
.........................# %..
........†.........##.....# ..
.....###..........###....# ..
#....##...........# ##...# .
#....###..........# #...# ##...#
#..........# #(...# #####
####.#.P#### ..P.##


You could see a komodo dragon and a crocodile.

Vanquished Creatures
  Snorg (D:10)
  2 hydras
  Pikel (D:6)
  3 black mambas
  2 spiny frogs
  5 komodo dragons
  A wyvern (D:9)
  34 yaks
  3 basilisks
  A hungry ghost (D:9)
  Menkaure (D:6)
  Grum (D:8)
  Duvessa (D:6)
  2 nagas (Lair:2)
  4 water moccasins
  6 porcupines
  3 ice beasts
  4 orc warriors
  3 ogres (D:5)
  2 sky beasts
  2 slaves (D:6)
  2 phantoms
  3 centaurs
  An eye of draining (D:7)
  5 wolves
  6 crocodiles
  5 bullfrogs
  A gnoll sergeant (D:7)
  Dowan (D:6)
  A water moccasin skeleton (D:7)
  A scorpion (D:9)
  8 killer bees
  2 howler monkeys (D:8)
  4 crimson imps
  2 quasits
  A jelly (D:6)
  5 orc wizards
  2 orc priests (D:8)
  3 hounds
  A bullfrog skeleton (D:10)
  5 worker ants
  A hound zombie (D:6)
  A hound skeleton (D:4)
  A worker ant zombie (D:8)
  11 gnolls
  8 adders
  3 shadow imps
  2 oozes
  5 worms
  A dart slug (D:3)
  7 leopard geckos
  33 orcs
  3 ball pythons
  3 giant cockroaches
  8 goblins
  3 hobgoblins
  11 jackals
  3 quokkas
  16 bats
  4 frilled lizards
  A giant cockroach zombie (D:5)
  5 kobolds
  A leopard gecko skeleton (D:4)
  2 rats
  A plant (Lair:2)
275 creatures vanquished.

Vanquished Creatures (others)
  A slave (D:6)
  A crimson imp (D:6)
  2 plants
4 creatures vanquished.

Grand Total: 279 creatures vanquished

Notes
Turn   | Place    | Note
-------+----------+-------------------------------------------
     0 | D:1      | manon the Gargoyle Fighter began the quest for the Orb.
     0 | D:1      | Reached XP level 1. HP: 14/14 MP: 1/1
     9 | D:1      | Reached XP level 2. HP: 18/19 MP: 2/2
    80 | D:1      | Reached skill level 3 in Maces & Flails
   305 | D:1      | Reached XP level 3. HP: 23/23 MP: 3/3
   669 | D:2      | Reached skill level 4 in Maces & Flails
   791 | D:2      | Reached XP level 4. HP: 25/28 MP: 4/4
   880 | D:3      | Noticed Purgy
   928 | D:3      | Found a glowing drain.
   942 | D:3      | Reached skill level 5 in Maces & Flails
   945 | D:3      | Reached XP level 5. HP: 12/32 MP: 5/5
  1135 | Sewer    | Entered a sewer
  1174 | Sewer    | Noticed a crocodile
  1177 | Sewer    | Killed a crocodile
  1659 | D:3      | Reached skill level 6 in Maces & Flails
  1659 | D:3      | Reached XP level 6. HP: 37/37 MP: 6/6
  1705 | D:3      | Found an ancient bone altar of Kikubaaqudgha.
  1847 | D:4      | Found an opulent altar of Gozag.
  1882 | D:4      | Got a steaming whip
  1891 | D:4      | Identified the +6 whip of the Wasteland {antimagic, rPois Dex+3} (You found it on level 4 of the Dungeon)
  2464 | D:5      | Entered Level 5 of the Dungeon
  2656 | D:5      | Reached skill level 7 in Maces & Flails
  2656 | D:5      | Reached XP level 7. HP: 31/41 MP: 2/7
  2692 | D:5      | Learned a level 2 spell: Blink
  2982 | D:5      | Reached skill level 8 in Maces & Flails
  3227 | D:5      | Found a shattered altar of Ashenzari.
  3231 | D:5      | Found an iron altar of Okawaru.
  3231 | D:5      | Found a shadowy altar of Dithmenos.
  3234 | D:5      | Found a hide-covered altar of Uskayaw.
  3239 | D:5      | Became a worshipper of Warmaster Okawaru
  3382 | D:6      | Reached skill level 1 in Invocations
  3382 | D:6      | Reached XP level 8. HP: 39/46 MP: 2/8
  3435 | D:6      | Reached skill level 9 in Maces & Flails
  3463 | D:6      | Found a deep blue altar of Sif Muna.
  3706 | D:6      | Noticed Duvessa
  3707 | D:6      | Noticed Menkaure
  3708 | D:6      | Noticed Dowan
  3733 | D:6      | Killed Duvessa
  3736 | D:6      | Killed Dowan
  3736 | D:6      | Reached * piety under Okawaru
  3743 | D:6      | Killed Menkaure
  3819 | D:6      | Noticed Pikel
  3838 | D:6      | Noticed Targos's ghost (novice HuAs)
  3876 | D:6      | Killed Pikel
  3876 | D:6      | Reached ** piety under Okawaru
  3876 | D:6      | Reached skill level 10 in Maces & Flails
  3876 | D:6      | Reached XP level 9. HP: 35/51 MP: 4/12
  4331 | D:7      | Reached skill level 5 in Invocations
  4340 | D:7      | Reached skill level 11 in Maces & Flails
  4385 | D:7      | Got a pitted ring mail
  4386 | D:7      | Identified the +5 ring mail "Sudul" {Dex+5} (You found it on level 7 of the Dungeon)
  4517 | D:7      | Found a staircase to the Ecumenical Temple.
  4578 | Temple   | Entered the Ecumenical Temple
  4740 | D:8      | Noticed Maurice
  4769 | D:8      | Noticed Grum
  4786 | D:8      | Killed Grum
  4793 | D:8      | Reached *** piety under Okawaru
  5334 | D:8      | Reached skill level 5 in Shields
  5627 | D:8      | Reached skill level 5 in Fighting
  5627 | D:8      | Reached XP level 10. HP: 52/59 MP: 4/13
  5762 | D:8      | Reached **** piety under Okawaru
  5865 | D:9      | Reached skill level 12 in Maces & Flails
  6544 | D:9      | Reached ***** piety under Okawaru
  6609 | D:9      | Received a gift from Okawaru
  6633 | D:9      | Reached skill level 13 in Maces & Flails
  6859 | D:10     | Entered Level 10 of the Dungeon
  6879 | D:10     | Reached XP level 11. HP: 59/66 MP: 4/14
  7082 | D:10     | Noticed Snorg
  7138 | D:10     | Killed Snorg
  7181 | D:10     | Found a staircase to the Lair.
  7358 | D:10     | Noticed jmlagarto's ghost (journeyman MfCK)
  7414 | D:10     | Found a staircase to the Orcish Mines.
  7422 | D:10     | Found Naytsek's Weapon Shop.
  7471 | D:10     | Noticed Harold
  7479 | D:10     | Noticed Urug
  7704 | Lair:1   | Entered Level 1 of the Lair of Beasts
  7704 | Lair:1   | Noticed an eight-headed hydra
  7720 | Lair:1   | Killed an eight-headed hydra
  8516 | Lair:2   | Found a staircase to the Snake Pit.
  8660 | Lair:2   | Reached skill level 5 in Armour
  8859 | Lair:2   | Reached skill level 14 in Maces & Flails
  8886 | Lair:2   | Noticed a six-headed hydra
  8898 | Lair:2   | Received a gift from Okawaru
  8907 | Lair:2   | Killed a six-headed hydra
  8977 | Lair:2   | Reached XP level 12. HP: 71/74 MP: 15/17
 10074 | Lair:3   | Found an opulent altar of Gozag.
 10119 | Lair:3   | Slain by a komodo dragon

Skill      XL: |  1  2  3  4  5  6  7  8  9 10 11 12 |
---------------+-------------------------------------+-----
Maces & Flails | 3 4 5 6 7 8 10 11 13 14 | 14.4
Invocations    | 1 4 5 6 7 |  7.0
Fighting       | 5 6 8 |  8.9
Shields        | 5 6 8 |  8.8
Armour         | 5 6 |  6.6

Action                   |  1- 3 |  4- 6 |  7- 9 | 10-12 || total
-------------------------+-------+-------+-------+-------++-------
Melee: Flail             |   146 |   101 |       |       ||   247
       Whip              |       |    54 |   464 |   394 ||   912
       Morningstar       |       |       |       |   332 ||   332
Throw: Throwing net      |       |       |       |     2 ||     2
Invok: Heroism           |       |       |       |     5 ||     5
Evoke: Wand              |       |     2 |       |     6 ||     8
  Use: Potion            |       |     1 |       |     4 ||     5
       Scroll            |       |       |     6 |     4 ||    10
 Stab: Sleeping          |       |       |     1 |       ||     1
  Eat: Chunk             |       |     6 |    10 |    20 ||    36
Armor: Scale mail        |    91 |    90 |    87 |       ||   268
       Ring mail         |       |       |    48 |    27 ||    75
       Plate armour      |       |       |       |   292 ||   292
Dodge: Dodged            |    60 |    55 |    69 |    72 ||   256
Block: Shield            |   111 |    87 |   122 |   274 ||   594
